 Dungeon Crawl Stone Soup version 0.18-a0-1805-g8ab820f (webtiles) character file.

22 M4edhros the Grave Robber (level 2, -3/17 HPs)
             Began as an Octopode Necromancer on Apr 25, 2016.
             Slain by an adder skeleton (4 damage)
             ... on level 4 of the Dungeon.
             The game lasted 00:00:53 (175 turns).

M4edhros the Grave Robber (Octopode Necromancer)     Turns: 175, Time: 00:00:54

Health: -3/17      AC:  1    Str:  7    XL:     2   Next: 91%
Magic:  0/5        EV: 12    Int: 17    God:
Gold:   34         SH:  0    Dex: 12    Spells: 1 memorised, 4 levels left

rFire  . . .     SeeInvis .     d - +0 long sword
rCold  . . .     Gourm    .     (no shield)
rNeg   . . .     Faith    .     (helmet restricted)
rPois  .         Spirit   .     (no amulet)
rElec  .         Dismiss  .     (no ring)
rCorr  .         Reflect  .     (no ring)
SustAt .         Harm     .     (no ring)
MR     .....                    (no ring)
Stlth  +++.......               (no ring)
                                (no ring)
                                (no ring)
                                (no ring)

@: not resistant to hostile enchantments, fairly stealthy
A: almost no armour, amphibious, 8 rings, constrict 8, camouflage 1, gelatinous
body 1
a: no special abilities


You were on level 4 of the Dungeon.
You were not hungry.

You visited 1 branch of the dungeon, and saw 4 of its levels.

You collected 34 gold pieces.

Inventory:

Hand Weapons
 d - a +0 long sword (weapon)
Books
 a - a book of Necromancy

   Spells                             Type                      Level
   a - Pain                           Necromancy                   1
   b - Animate Skeleton               Necromancy                   1
   c - Vampiric Draining              Necromancy                   3
   d - Regeneration                   Charms/Necromancy            3
   e - Animate Dead                   Necromancy                   4
   f - Control Undead                 Necromancy                   4
Comestibles
 b - a bread ration
 c - a beef jerky


   Skills:
 - Level 2.0 Dodging
 - Level 2.6 Stealth
 + Level 2.4 Unarmed Combat
 - Level 2.0 Spellcasting
 - Level 4.0 Necromancy


You had 4 spell levels left.
You knew the following spells:

 Your Spells              Type           Power        Failure   Level  Hunger
a - Pain                  Necr           ###.         3%          1    #......


Dungeon Overview and Level Annotations

Branches:
Dungeon (4/15)
 Temple: D:4-7

Altars:
Yredelemnul


Innate Abilities, Weirdness & Mutations

You cannot wear most types of armour.
You are amphibious.
You can wear up to eight rings at the same time.
You can use your tentacles to constrict eight enemies at once.
Your skin changes colour to match your surroundings (Stealth).
Your rubbery body absorbs attacks (AC +1).


Message History

The adder bites you. x2
Your magical contamination has completely faded away.
You barely miss the adder. Your grab misses the adder.
The adder is almost dead.
The adder closely misses you. The adder barely misses you.
Casting: Pain
Confirm with . or Enter, or press ? or * to list all spells.
Aiming: Pain
Press: ? - help, Shift-Dir - straight line, f/p - adder
Aim: an adder (almost dead, chance to defeat MR: 80%)
The adder convulses in agony!
You kill the adder!
The adder skeleton bites you.
* * * LOW HITPOINT WARNING * * *
You hit the adder skeleton. You grab the adder skeleton.
You constrict the adder skeleton. The adder skeleton bites you.
* * * LOW HITPOINT WARNING * * *
You slash the adder skeleton! You constrict the adder skeleton.
The adder skeleton bites you.
You die...

.#.# #####...###
........ .#
...#.##.####.
####.#.........
##........†.......
....###...<.....w.
......?...##......
......Z@..........
##..########......
....# ...# .## .


You could see an adder skeleton.

Vanquished Creatures
  An adder (D:4)
  A worm (D:2)
  2 giant geckos
  2 bats (D:2)
  A giant cockroach (D:3)
  A kobold (D:3)
  A rat (D:1)
9 creatures vanquished.

Notes
Turn   | Place    | Note
--------------------------------------------------------------
     0 | D:1      | M4edhros the Octopode Necromancer began the quest for the Orb.
     0 | D:1      | Reached XP level 1. HP: 11/11 MP: 3/3
    41 | D:2      | Reached skill level 1 in Unarmed Combat
    81 | D:2      | Reached XP level 2. HP: 14/17 MP: 5/5
   130 | D:3      | Found a basalt altar of Yredelemnul.
   175 | D:4      | Slain by an adder skeleton

Vault maps used:
D:1:      shiori_arrival_oz
D:2:      gammafunk_temple_overflow_pools, dk_xom_monty_hall
D:3:      lemuel_doored_altar
D:4:      grunt_temple_overflow_forces_of_nature, lemuel_crystal_altar

Skill      XL: |  1  2 |
---------------+-------+-----
Unarmed Combat | 1 2 |  2.4
Dodging        | |  2.0
Stealth        | |  2.6
Spellcasting   | |  2.0
Necromancy     | |  4.0

Action                   || total
-------------------------++-------
Melee: Long sword        ||    12
       Constrict         ||     4
       Tentacles         ||     2
 Cast: Pain              ||    10
 Stab: Sleeping          ||     1
Armor: Skin              ||     1
Dodge: Dodged            ||    10
